 Dungeon Crawl Stone Soup version 0.20-a0-941-gba1b1f9 (webtiles) character file.

4741 nikopol the Cleaver (level 10, -12/92 HPs)
             Began as a Minotaur Berserker on Mar 31, 2017.
             Was a High Priest of Trog.
             Mangled by claquette's ghost (21 damage)
             ... on level 8 of the Dungeon.
             The game lasted 00:20:38 (8194 turns).

nikopol the Cleaver (Minotaur Berserker)            Turns: 8194, Time: 00:20:39

Health: -12/92     AC:  9    Str: 26    XL:     10   Next: 22%
Magic:  9/9        EV: 14    Int:  4    God:    Trog [*****.]
Gold:   443        SH:  0    Dex: 10    Spells: 9/9 levels left

rFire    . . .     SeeInvis .   a - +8 war axe "Arcanum" {flame, +Rage rC++ rN+ Dex-2}
rCold    + + .     Gourm    .   (no shield)
rNeg     + . .     Faith    .   w - +0 scale mail
rPois    .         Spirit   .   (helmet restricted)
rElec    .         Reflect  .   (no cloak)
rCorr    .         Harm     .   V - +0 pair of gloves
MR       .....                  (no boots)
Stlth    +.........             (no amulet)
Regen    0.3/turn               E - ring of stealth
MPRegen  0.2/turn               G - +3 ring of strength

@: no status effects
A: retaliatory headbutt, horns 2
a: Berserk, Trog's Hand, Brothers in Arms, Burn Spellbooks, Renounce Religion,
Evoke Berserk Rage


You were on level 8 of the Dungeon.
You worshipped Trog.
Trog was extremely pleased with you.
You were not hungry.

You visited 1 branch of the dungeon, and saw 8 of its levels.
You also visited: Sewer.

You collected 443 gold pieces.

Inventory:

Hand Weapons
 a - the +8 war axe "Arcanum" (weapon) {flame, +Rage rC++ rN+ Dex-2}
   (You took it off a gnoll on level 4 of the Dungeon)

   It has been specially enchanted to burn those struck by it, causing extra
   injury to most foes and up to half again as much damage against particularly
   susceptible opponents.
   Big, fiery blades are also staple armaments of hydra-hunters.
   It affects your dexterity (-2).
   It greatly protects you from cold.
   It protects you from negative energy.
   It lets you go berserk.
 v - a +0 hand axe
 x - a +0 war axe
 y - a +0 antimagic war axe
 z - a +0 shortbow
Missiles
 e - 185 arrows (quivered)
Armour
 b - a +0 animal skin
 i - a +0 leather armour
 w - a +0 scale mail (worn)
 V - a +0 pair of gloves (worn)
Jewellery
 E - a ring of stealth (left hand)
 G - a +3 ring of strength (right hand)
Wands
 u - a wand of polymorph (11/24)
 F - a wand of digging (12/24)
 H - a wand of polymorph (1/24)
 I - a wand of confusion (28/48)
 T - a wand of iceblast (7/15)
 U - a wand of lightning (4/15)
 W - a wand of paralysis (6/24)
Scrolls
 d - 4 scrolls of remove curse
 f - 3 scrolls of identify
 l - 5 scrolls of teleportation
 r - 5 scrolls of magic mapping
 s - a scroll of fog {unknown}
 t - a scroll of enchant armour {unknown}
 K - a scroll of recharging {unknown}
 L - a scroll of blinking {unknown}
 M - a scroll of amnesia {unknown}
 Q - a scroll of vulnerability {unknown}
Potions
 g - 7 potions of curing
 j - 2 potions of degeneration {unknown}
 k - a potion of cancellation {unknown}
 m - 2 potions of haste {unknown}
 o - 2 potions of resistance {unknown}
 p - a potion of heal wounds {unknown}
 q - 2 potions of lignification {unknown}
 A - a potion of invisibility {unknown}
 B - 2 potions of agility {unknown}
 C - a potion of mutation {unknown}
 D - 2 potions of flight {unknown}
 J - a potion of might {unknown}
 N - a potion of berserk rage {unknown}
 P - a potion of magic {unknown}
 R - a potion of brilliance {unknown}
Books
 O - a book of Frost

   Spells                             Type                      Level
   a - Freeze                         Ice                          1
   b - Throw Frost                    Conjuration/Ice              2
   c - Ozocubu's Armour               Charms/Ice                   3
   d - Throw Icicle                   Conjuration/Ice              4
   e - Summon Ice Beast               Ice/Summoning                4
   Trog disapproves of the use of such an item.
Comestibles
 c - 2 bread rations
 h - 11 fruits
 n - 5 royal jellies
 S - 4 chunks of flesh


   Skills:
 + Level 9.7 Fighting
 * Level 9.8 Axes
 * Level 3.7 Bows
 + Level 8.8 Armour
 + Level 8.0 Dodging


You had 9 spell levels left.
You didn't know any spells.

Dungeon Overview and Level Annotations

Branches:
Dungeon (8/15)             Temple (0/1) D:5
   Lair: D:8-11

Altars:
Elyvilon
Fedhas
Gozag
Hepliaklqana
Kikubaaqudgha
Makhleb
Nemelex Xobeh
Ru
Trog
Uskayaw
Wu Jian
Zin
The Shining One

Annotations:
D:8 claquette's ghost, novice TrBe


Innate Abilities, Weirdness & Mutations

You reflexively headbutt those who attack you in melee.
You have a pair of horns on your head.


Message History

You closely miss claquette's ghost. Your headbutt misses claquette's ghost.
Claquette's ghost is severely damaged.
Claquette's ghost hits you!!
You hit claquette's ghost but do no damage.
Your headbutt misses claquette's ghost.
Claquette's ghost is severely damaged.
Claquette's ghost hits you!!
You are too injured to fight recklessly!
You barely miss claquette's ghost. Your headbutt misses claquette's ghost.
Claquette's ghost is severely damaged.
Claquette's ghost completely misses you.
You furiously retaliate!
You headbutt claquette's ghost! You closely miss claquette's ghost.
Claquette's ghost is almost destroyed.
Claquette's ghost hits you!!
* * * LOW HITPOINT WARNING * * *
You slash claquette's ghost! You burn claquette's ghost.
Claquette's ghost is almost destroyed.
Claquette's ghost hits you!!
You die...

#.... #..#. #....
#.##. #.##. #....
####. ###############
##) .......@.....^#
#.. .#....W#......#
#.# #...(.#......# #.#
##.(.##......# #.#
#.(.#.......########.#
##(##.................
#.#....#########.##.#
####.###.....###.##..
.###.............##


You could see claquette's ghost.

Vanquished Creatures
  Pikel (D:5)
  Joseph (D:7)
  Prince Ribbit (D:7)
  A hippogriff (D:8)
  A hungry ghost (D:8)
  A water moccasin (D:5)
  Duvessa (D:5)
  A sky beast (D:7)
  4 ice beasts
  A necrophage (D:5)
  Purgy (Sewer)
  6 ogres
  An orc warrior (D:8)
  A centaur (D:7)
  A big kobold (D:4)
  4 bullfrogs
  Dowan (D:5)
  2 scorpions
  3 howler monkeys
  2 crimson imps (D:5)
  2 centaur zombies
  5 hounds
  6 orc priests
  2 bullfrog skeletons (D:4)
  A gnoll shaman (D:3)
  2 iguanas (D:6)
  Ijyb (D:5)
  10 orc wizards
  4 worker ants
  10 gnolls
  11 adders
  A shadow imp (D:8)
  An ooze (D:3)
  2 worms (D:2)
  2 dart slugs
  4 leopard geckos
  27 orcs
  2 bats
  10 giant cockroaches
  20 goblins
  15 hobgoblins
  10 jackals
  5 quokkas
  8 ball pythons
  7 frilled lizards
  A jackal skeleton (D:2)
  17 kobolds
  11 rats
232 creatures vanquished.

Vanquished Creatures (others)
  3 plants (D:4)
3 creatures vanquished.

Grand Total: 235 creatures vanquished

Notes
Turn   | Place    | Note
-------+----------+-------------------------------------------
     0 | D:1      | nikopol the Minotaur Berserker began the quest for the Orb.
     0 | D:1      | Reached XP level 1. HP: 19/19 MP: 0/0
   309 | D:1      | Reached XP level 2. HP: 27/27 MP: 1/1
   818 | D:2      | Reached XP level 3. HP: 12/33 MP: 2/2
  1825 | D:2      | Reached XP level 4. HP: 35/41 MP: 3/3
  1929 | D:2      | Reached ** piety under Trog
  2007 | D:2      | Found a bloodstained altar of Trog.
  2431 | D:3      | Found a blossoming altar of Fedhas.
  2440 | D:3      | Reached XP level 5. HP: 14/47 MP: 4/4
  2440 | D:3      | HP: 3/70 [gnoll shaman/whip of venom (11)]
  2686 | D:3      | Found an ancient bone altar of Kikubaaqudgha.
  2734 | D:3      | Reached skill level 5 in Fighting
  2738 | D:3      | Reached skill level 5 in Axes
  3001 | D:3      | Found a burning altar of Makhleb.
  3312 | D:4      | Noticed an ogre
  3319 | D:4      | Killed an ogre
  3319 | D:4      | Reached XP level 6. HP: 56/56 MP: 5/5
  3565 | D:4      | Reached *** piety under Trog
  3640 | D:4      | Reached XP level 7. HP: 46/63 MP: 2/6
  3651 | D:4      | Reached skill level 5 in Armour
  3854 | D:4      | Got an iridescent war axe {flame}
  3855 | D:4      | Identified the +8 war axe "Arcanum" {flame, +Rage rC++ rN+ Dex-2} (You took it off a gnoll on level 4 of the Dungeon)
  4483 | D:5      | Entered Level 5 of the Dungeon
  4509 | D:5      | Noticed Duvessa
  4509 | D:5      | Noticed Dowan
  4695 | D:5      | Reached skill level 5 in Dodging
  4697 | D:5      | Killed Duvessa
  4697 | D:5      | Reached XP level 8. HP: 73/73 MP: 7/7
  4778 | D:5      | Killed Dowan
  4796 | D:5      | Reached **** piety under Trog
  5183 | D:5      | Noticed Ijyb
  5192 | D:5      | Killed Ijyb
  5344 | D:5      | Found a hide-covered altar of Uskayaw.
  5352 | D:5      | Noticed Pikel
  5358 | D:5      | Killed Pikel
  5358 | D:5      | Reached XP level 9. HP: 78/82 MP: 8/8
  5398 | D:5      | Found a sacrificial altar of Ru.
  5482 | D:5      | Found a staircase to the Ecumenical Temple.
  5603 | D:6      | Found a glowing drain.
  5632 | Sewer    | Entered a sewer
  5705 | Sewer    | Noticed Purgy
  5711 | Sewer    | Killed Purgy
  6049 | D:6      | Reached ***** piety under Trog
  6668 | D:6      | Noticed a rust devil
  6668 | D:6      | Noticed a rust devil
  6904 | D:7      | Found an opulent altar of Gozag.
  6905 | D:7      | Found a sparkling altar of Nemelex Xobeh.
  7016 | D:7      | Noticed Prince Ribbit
  7028 | D:7      | Found a white marble altar of Elyvilon.
  7028 | D:7      | Found a hazy altar of Hepliaklqana.
  7031 | D:7      | Killed Prince Ribbit
  7031 | D:7      | Reached skill level 1 in Bows
  7032 | D:7      | Found an ornate altar of the Wu Jian Council.
  7131 | D:7      | Found a glowing silver altar of Zin.
  7131 | D:7      | Noticed Joseph
  7138 | D:7      | Killed Joseph
  7504 | D:8      | Received a gift from Trog
  7506 | D:8      | Reached XP level 10. HP: 91/91 MP: 9/9
  8007 | D:8      | Found a glowing golden altar of the Shining One.
  8178 | D:8      | Noticed claquette's ghost (novice TrBe)
  8194 | D:8      | Mangled by claquette's ghost

Vault maps used:
D:1:      dpeg_arrival_line_fractal, serial_bayou_pond_e, minivault_26,
          minivault_26
D:2:      minmay_misc_feat_plants, trog_hazing_becter
D:3:      grunt_temple_overflow_growth_and_decay, small_statue_alley_b,
          bloody_makhleb
D:4:      corexii_shantytown, minivault_11, lexackson_kobold_supper
D:5:      kennysheep_mini_moat, nicolae_ru_great_annihilating_truth,
          lemuel_temple_firewalk_a, first_bread, uniq_pikel, uniq_duvessa,
          uniq_iyjb
D:6:      cheibrodos_iron_armory, gup_sewer_entry_glass,
          minmay_misc_feat_pillars
D:7:      grunt_temple_overflow_opulence, grunt_temple_overflow_open,
          uniq_prince_ribbit1, uniq_joseph
D:8:      kennysheep_six_static_rooms, kennysheep_little_box,
          nicolae_ashenzari_panopticon
Sewer:    sewer_co_purgy_island

Skill      XL: |  1  2  3  4  5  6  7  8  9 10 |
---------------+-------------------------------+-----
Axes           | 4 5 6 8 9 |  9.8
Fighting       | 4 5 6 7 8 9 |  9.7
Armour         | 3 4 5 7 8 |  8.8
Dodging        | 3 4 5 6 7 8 |  8.0
Bows           | 2 3 |  3.7

Action                   |  1- 3 |  4- 6 |  7- 9 | 10-12 || total
-------------------------+-------+-------+-------+-------++-------
Melee: Hand axe          |   114 |   130 |       |       ||   244
       Headbutt          |    19 |    22 |    21 |     4 ||    66
       War axe           |       |    20 |   174 |    33 ||   227
 Fire: Shortbow          |       |       |    32 |    30 ||    62
Invok: Berserk           |       |     3 |     2 |       ||     5
       Trog's Hand       |       |     1 |       |       ||     1
  Use: Scroll            |       |       |     4 |       ||     4
 Stab: Paralysed         |       |       |     1 |       ||     1
  Eat: Chunk             |     1 |    11 |    14 |     3 ||    29
Armor: Animal skin       |     4 |       |       |       ||     4
       Leather armour    |    28 |    19 |       |       ||    47
       Scale mail        |       |    27 |    54 |     6 ||    87
Dodge: Dodged            |    68 |    93 |   116 |    19 ||   296
